 Dungeon Crawl Stone Soup version 0.24.0-13-gcf9b3192b9 (webtiles) character file.

Game seed: 4537750652313860189, levelgen mode: deterministic

135 Esekla the Vexing (level 5, -15/39 HPs)
             Began as a Formicid Enchanter on Nov 5, 2019.
             Killed from afar by a rakshasa (19 damage)
             ... with an orb of energy
             ... on level 3 of the Abyss.
             The game lasted 00:25:45 (3949 turns).

Esekla the Vexing (Formicid Enchanter)              Turns: 3949, Time: 00:25:45

Health: -15/39     AC:  3    Str: 13    XL:     5   Next: 41%
Magic:  8/8        EV: 13    Int: 17    God:
Gold:   94         SH:  0    Dex: 11    Spells: 2/9 levels left

rFire    . . .     SeeInvis +   l - +1 short sword (distort)
rCold    . . .     Gourm    .   (no shield)
rNeg     . . .     Faith    .   b - +0 robe
rPois    .         Spirit   .   (helmet unavailable)
rElec    .         Reflect  .   k - +0 cloak (curse)
rCorr    .         Harm     .   (no gloves)
MR       .....                  (no boots)
Stlth    ++........             n - amulet of regeneration
HPRegen  0.53/turn              (no ring)
MPRegen  0.11/turn              (no ring)

@: no status effects
A: permanent stasis, dig shafts and tunnels, four strong arms, antennae 3,
clever 1, evolution 1, MP-powered wands
a: Dig, Shaft Self


You were on level 3 of the Abyss.
You were not hungry.

You visited 2 branches of the dungeon, and saw 5 of its levels.
You visited the Abyss 1 time.

You collected 94 gold pieces.

Inventory:

Hand Weapons
 a - a +1 dagger
 l - a +1 short sword of distortion (weapon)
 m - a +0 spear
 o - a +0 war axe
Armour
 b - a +0 robe (worn)
 k - a cursed +0 cloak (worn)
Jewellery
 n - an amulet of regeneration (around neck)
Scrolls
 e - a scroll of immolation {unknown}
 g - a scroll of remove curse {unknown}
 h - a scroll of amnesia {unknown}
 p - a scroll of noise {unknown}
Potions
 c - a potion of mutation
 f - a potion of brilliance
 i - 2 potions of invisibility
 j - a potion of might
 q - a potion of degeneration {unknown}
Comestibles
 d - 4 rations


   Skills:
 * Level 2.6 Fighting
 + Level 2.3 Short Blades
 + Level 0.1 Axes
 + Level 2.8 Dodging
 - Level 3.6 Stealth
 + Level 2.5 Spellcasting
 * Level 0.8 Conjurations
 + Level 3.7 Hexes


You had 2 spell levels left.
You knew the following spells:

 Your Spells              Type           Power        Failure   Level  Hunger
a - Corona                Hex            ##.....      4%          1    #......
b - Tukima's Dance        Hex            ##......     12%         3    ###....
d - Dazzling Spray        Conj/Hex       ##....       22%         3    ###....

Your spell library contained the following spells:

 Spells                   Type           Power        Failure   Level  Hunger
 Ensorcelled Hibernation  Hex/Ice        #.....       13%         2    ##.....
 Confuse                  Hex            ##......     12%         3    ###....
 Malign Gateway           Summ/Tloc      #.........   100%        7    #######
 Monstrous Menagerie      Summ           #.........   100%        7    #######
 Summon Greater Demon     Summ           #.........   100%        7    #######
 Summon Horrible Things   Summ           #.........   100%        8    #######


Dungeon Overview and Level Annotations

Branches:
Dungeon (4/15)             Temple (1/1) D:4

Altars:
Cheibriados
Elyvilon
Fedhas
Gozag
Hepliaklqana
Kikubaaqudgha
Makhleb
Nemelex Xobeh
Qazlal
Ru
Sif Muna
Trog
Vehumet
Wu Jian
Yredelemnul
Zin


Innate Abilities, Weirdness & Mutations

You cannot be hasted, slowed, berserked, paralysed or teleported.
You can dig through walls and to a lower floor.
Your four strong arms can wield two-handed weapons with a shield.
You have a pair of large antennae on your head. (SInv)
Your mind is acute. (Int +2)
You evolve.
You expend magic power (3 MP) to strengthen your wands.


Message History

There is an open door here.
The worldbinder misses you. The worldbinder closely misses you.
The rakshasa weaves an illusion.
You hit the worldbinder but do no damage.
The worldbinder looks slightly unstable.
The worldbinder hits you but does no damage. x2
The worldbinder disappears!
The rakshasa weaves an illusion.
Found a scroll of identify and 56 gold pieces.
The worldbinder calls forth creatures from the Vaults!
The yaktaur wields a +0 arbalest.
The yaktaur shoots a bolt.
The bolt barely misses you.
The bolt disappears in a puff of smoke!
The yaktaur wields a +0 arbalest.
The yaktaur shoots a bolt.
The bolt hits you!!
The bolt disappears in a puff of smoke!
The yaktaur shoots a bolt.
The bolt hits you!
* * * LOW HITPOINT WARNING * * *
The bolt disappears in a puff of smoke!
The rakshasa gestures at you. The orb of energy hits you!!
You die...

.# .# .. #.#
#..##... ..#. ..#..#
#...#....#.
..#....... #.#.....#
. ##.#...# ...
##..@# ....$#...#.#
.##..###.###### .
..........{.{cc..
........R...{.... ≈
?............{c..
♣≈.... ....##.#.....
E. .......#.....###
♣≈.######.....#.....


You could see a rakshasa.

Vanquished Creatures
  A worker ant (D:4)
  3 adders
  3 worms (D:2)
  3 dart slugs
  2 leopard geckos
  5 orcs
  8 bats
  A giant cockroach (D:2)
  11 hobgoblins
  3 jackals (D:1)
  5 kobolds
  3 ball pythons
  6 frilled lizards
  5 goblins
  A jackal skeleton (D:4)
  A leopard gecko skeleton (D:4)
  4 rats
65 creatures vanquished.

Notes
Turn   | Place    | Note
-------+----------+-------------------------------------------
     0 | D:1      | Esekla the Formicid Enchanter began the quest for the Orb.
     0 | D:1      | Reached XP level 1. HP: 13/13 MP: 3/3
   185 | D:1      | Reached XP level 2. HP: 13/20 MP: 1/5
   260 | D:1      | Reached skill level 1 in Fighting
   682 | D:1      | Reached XP level 3. HP: 21/26 MP: 4/6
   729 | D:2      | Learned a level 3 spell: Dazzling Spray
  1722 | D:1      | You fall into a shaft and drop 1 floor!
  2067 | D:2      | Reached XP level 4. HP: 17/33 MP: 1/7
  2862 | D:3      | Learned a level 3 spell: Tukima's Dance
  2941 | D:4      | Gained mutation: You expend magic power (3 MP) to
                  | strengthen your wands. [potion of mutation]
  2941 | D:4      | Gained mutation: You evolve. [potion of mutation]
  2941 | D:4      | Gained mutation: Your mind is acute. (Int +2) [potion of
                  | mutation]
  2943 | D:4      | Reached XP level 5. HP: 7/38 MP: 1/8
  2966 | D:4      | HP: 1/38 [poisoned by an adder]
  3535 | D:4      | Found a staircase to the Ecumenical Temple.
  3541 | Temple   | Entered the Ecumenical Temple
  3714 | D:4      | Cast into level 1 of the Abyss (a distortion unwield)
  3729 | Abyss:1  | Noticed a hungry ghost
  3754 | Abyss:1  | Noticed a thrashing horror
  3852 | Abyss:2  | Noticed a raiju
  3852 | Abyss:2  | Noticed a ynoxinul
  3863 | Abyss:2  | Noticed a demonic crawler
  3899 | Abyss:2  | Noticed a sixfirhy
  3920 | Abyss:2  | Noticed a large abomination
  3921 | Abyss:2  | Noticed a demonic crawler
  3928 | Abyss:3  | Noticed a water elemental
  3928 | Abyss:3  | Noticed a worldbinder
  3928 | Abyss:3  | Noticed a rakshasa
  3929 | Abyss:3  | Noticed a worldbinder
  3930 | Abyss:3  | Noticed a water nymph
  3945 | Abyss:3  | Noticed a yaktaur
  3945 | Abyss:3  | Noticed a yaktaur
  3945 | Abyss:3  | Noticed a yaktaur
  3949 | Abyss:3  | Killed from afar by a rakshasa

Levels and vault maps discovered:
D:1:      wheals_arrival_linesprint, layout_basic, wad_floor_pattern_1
D:2:      minmay_alternating_diamond, layout_loops_ring, first_ration,
          minmay_misc_feat_columns, chequers_serial_rivers_micro_b
D:3:      layout_loops_corners, minmay_fractal_squares_gapless_5
D:4:      layout_loops_cross, minmay_temple_entry_ruins
Temple:   minmay_temple_bridge_d
Abyss:3:  evilmike_abyss_exit_kraken, grunt_abyss_rune_forest_and_sorcery

Skill      XL: |  1  2  3  4 |
---------------+-------------+-----
Dodging        | 2 |  2.8
Fighting       | 1 2 |  2.6
Short Blades   | 2 |  2.3
Axes           | |  0.1
Stealth        | |  3.6
Spellcasting   | |  2.5
Conjurations   | |  0.8
Hexes          | |  3.7

Action                   |  1- 3 |  4- 6 || total
-------------------------+-------+-------++-------
Melee: Dagger            |   132 |    70 ||   202
       War axe           |       |    11 ||    11
       Short sword       |       |    10 ||    10
 Cast: Corona            |     9 |       ||     9
       Dazzling Spray    |     7 |     4 ||    11
 Abil: Shaft Self        |     1 |       ||     1
  Use: Potion            |       |     2 ||     2
       Scroll            |       |     4 ||     4
 Stab: Sleeping          |     7 |     5 ||    12
       Invisible         |     1 |     1 ||     2
       Distracted        |     1 |       ||     1
  Eat: Chunk             |     3 |     5 ||     8
       Ration            |     1 |     1 ||     2
Armor: Robe              |    36 |    12 ||    48
Dodge: Dodged            |    76 |    69 ||   145
